 Dungeon Crawl Stone Soup version 0.30.0-29-ga12c61a403 (webtiles) character file.

Game seed: 6916075807204005416

18 seaoflcl the Trooper (level 2, -5/16 (24) HPs)
             Began as a Human Fighter on June 5, 2023.
             Slain by a gnoll
             ... wielding a +0 flail of draining
              (7 damage)
             ... on level 1 of the Dungeon.
             The game lasted 00:00:36 (599 turns).

seaoflcl the Trooper (Human Fighter)                 Turns: 599, Time: 00:00:37

HP:   -5/16 (24)    AC:  6    Str: 16    XL:     2   Next: 90%
MP:   2/2           EV:  8    Int:  8    God:
Gold: 14            SH:  4    Dex: 12    Spells: 1/1 levels left

rFire   . . .        a - +0 long sword
rCold   . . .        c - +0 buckler
rNeg    . . .        b - +0 scale mail
rPois   .            (no helmet)
rElec   .            (no cloak)
rCorr   .            (no gloves)
SInv    .            (no boots)
Will    .....        (no amulet) Stlth
                     (no ring)
HPRegen 0.22/turn    (no ring)
MPRegen 0.08/turn

%: no passive effects
@: very heavily drained
A: no striking features
a: no special abilities


You were on level 1 of the Dungeon.
You visited 1 branch of the dungeon, and saw 1 of its levels.

You collected 14 gold pieces.

Inventory:

Hand Weapons
 a - a +0 long sword (weapon)
Armour
 b - a +0 scale mail (worn)
 c - a +0 buckler (worn)
Jewellery
 h - a ring of magical power
Scrolls
 f - a scroll of identify {unknown}
 i - a scroll of enchant armour {unknown}
Potions
 d - a potion of might
 e - a potion of curing {unknown}
 g - a potion of ambrosia {unknown}


   Skills:
 + Level 3.2 Fighting
 * Level 2.5 Long Blades
 + Level 3.1 Armour
 + Level 3.2 Shields


You had one spell level left.
You didn't know any spells.
Your spell library was empty.

Dungeon Overview and Level Annotations

Branches:
Dungeon (1/15)

Altars:


Message History

No target in view!
No target in view!
No target in view!
No target in view!
You see here a staff of death.
A gnoll comes into view. It is wielding a +0 flail of draining.
A gnoll is nearby!
A goblin comes into view. It is wielding a +0 club.
Found a club and a scroll labelled QUTALONLUO.
Found a stone staircase leading down.
The goblin shouts!
A kobold comes into view. It is wielding a +0 short sword.
The kobold shouts!
The gnoll hits you with a +0 flail of draining.
You feel drained.
You closely miss the gnoll.
The gnoll hits you with a +0 flail of draining.
You feel drained.
You are too injured to fight recklessly!
You are too injured to fight recklessly!
You are too injured to fight recklessly!
You are too injured to fight recklessly!
You are too injured to fight recklessly!
You are too injured to fight recklessly!
You are too injured to fight recklessly!
You are too injured to fight recklessly!
You are too injured to fight recklessly!
You are too injured to fight recklessly!
You are too injured to fight recklessly!
You are too injured to fight recklessly!
You are too injured to fight recklessly!
You are too injured to fight recklessly!
The gnoll attacks as you move away!
The gnoll hits you with a +0 flail of draining.
* * * LOW HITPOINT WARNING * * *
You feel drained.
* * * LOW HITPOINT WARNING * * *
The gnoll attacks as you move away!
The gnoll hits you with a +0 flail of draining!
You die...

#.#. .######
##.#.#.......
.....?...>..
...........
#..........
#...^...).. #
#..K....... ......##
#..gg...... ......#.
#..@....... ..... ##
#...####.## #...# #
#...# #..# #...# #
#...#####.###...#
##...........#.(.# #
#....|.......'...# ##
#.##...##...##...# #.
#.#8...8#...###.####.
#.##.).##...# #...##.


You could see a gnoll, a goblin and a kobold.

Vanquished Creatures
  A dart slug (D:1)
  2 ball pythons (D:1)
  A giant cockroach (D:1)
  3 goblins (D:1)
  A quokka (D:1)
  5 bats (D:1)
  A frilled lizard (D:1)
  A kobold (D:1)
  A rat (D:1)
16 creatures vanquished.

Notes
Turn   | Place    | Note
-------+----------+-------------------------------------------
     0 | D:1      | seaoflcl the Human Fighter began the quest for the Orb.
     0 | D:1      | Reached XP level 1. HP: 18/18 MP: 1/1
   155 | D:1      | Reached XP level 2. HP: 24/24 MP: 2/2
   599 | D:1      | Slain by a gnoll

Illustrated notes

Levels and vault maps discovered:
D:1:      dpeg_arrival_three_same_balls, layout_basic, serial_corexii_hall,
          corexii_hall_statues_t, corexii_hall_statues_i, serial_bayou_pond_b

Action                     || total
---------------------------++-------
  Melee: Long sword        ||    51
 Armour: Scale mail        ||    29
  Dodge: Dodged            ||    22
  Block: Buckler           ||    16
